 Dungeon Crawl Stone Soup version 0.26.1-11-gd32895ea62 (webtiles) character file.

Game seed: 17952442027605047855

14 Zeld the Twirler (level 2, 0/19 HPs)
             Began as an Octopode Gladiator on May 23, 2021.
             Succumbed to an adder's poison
             ... on level 2 of the Dungeon.
             The game lasted 00:00:31 (525 turns).

Zeld the Twirler (Octopode Gladiator)                Turns: 525, Time: 00:00:31

Health: 0/19       AC:  1    Str: 13    XL:     2   Next: 45%
Magic:  2/2        EV: 14    Int: 10    God:
Gold:   33         SH:  0    Dex: 13    Spells: 1/1 levels left

rFire    . . .     SeeInvis .   a - +0 quarterstaff
rCold    . . .     Faith    .   (shield currently unavailable)
rNeg     . . .     Spirit   .   b - +0 hat
rPois    .         Reflect  .   (no amulet)
rElec    .         Harm     .   (no ring)
rCorr    .         Rampage  .   (no ring)
Will     .....                  (no ring)
Stlth    ++........             (no ring)
HPRegen  0.06/turn              (no ring)
MPRegen  0.08/turn              (no ring)
                                (no ring)
                                (no ring)

@: lethally poisoned (0 -> -9)
A: almost no armour, stealthy swim, amphibious, 8 rings, constrict 8, camouflage
1, gelatinous body 1
a: no special abilities


You were on level 2 of the Dungeon.
You visited 1 branch of the dungeon, and saw 2 of its levels.

You collected 33 gold pieces.

Inventory:

Hand Weapons
 a - a +0 quarterstaff (weapon)
Missiles
 c - 3 throwing nets (quivered)
Armour
 b - a +0 hat (worn)
Scrolls
 e - a scroll of magic mapping {unknown}
 g - a scroll of fog {unknown}
 i - a scroll of enchant weapon {unknown}
 j - a scroll of identify {unknown}
Potions
 d - a potion of might {unknown}
 f - a potion of heal wounds {unknown}
 h - a potion of curing {unknown}
 k - a potion of attraction {unknown}


   Skills:
 - Level 2.0 Fighting
 * Level 3.8 Staves
 - Level 2.0 Throwing
 - Level 3.0 Dodging


You had one spell level left.
You didn't know any spells.
Your spell library was empty.

Dungeon Overview and Level Annotations

Branches:
Dungeon (2/15)

Altars:


Innate Abilities, Weirdness & Mutations

You cannot wear most types of armour.
You are very stealthy in the water. (Stealth+)
You are amphibious.
You can wear up to eight rings at the same time.
You can use your tentacles to constrict eight enemies at once.
Your skin changes colour to match your surroundings (Stealth+).
Your rubbery body absorbs attacks. (AC +1, EV +1)


Message History

You are poisoned.
The adder poisons you! The adder misses you. The adder barely misses you. x2
You miss the adder. Your grab misses the adder.
The adder is severely wounded.
You feel sick. The adder bites you.
You are more poisoned.
The adder poisons you! The kobold completely misses you.
The adder barely misses you. The adder misses you. The adder bites you.
The kobold hits you.
You closely miss the adder. Your grab misses the adder.
The adder is severely wounded.
You feel sick. The adder bites you. The adder barely misses you.
The adder closely misses you. The adder bites you.
* * * LOW HITPOINT WARNING * * *
The kobold hits you.
* * * LOW HITPOINT WARNING * * *
The adder barely misses you. The kobold completely misses you.
Unknown command.
You die...

#§§§§≈ ...#
##§≈.§§######..#
≈≈≈≈.≈§§≈≈§≈#..#
.≈§≈.≈≈≈...≈#..#####
§.........'......####.##
§≈.≈≈≈...≈#.....<......#
≈≈≈.≈≈≈§≈≈≈#.†....####...
#§§.§≈######..#####
#§...≈ #..@# #≈...≈ #...#
#≈.?.≈


#SKS# #≈≈.≈≈#.....S.# #...$...... .......####.## ....(.. .# ##.###. . #. .. ##
You could see 3 adders and a kobold.

Vanquished Creatures
  An ooze (D:1)
  4 bats
  A goblin (D:1)
  2 hobgoblins (D:1)
  A kobold (D:1)
  2 rats
11 creatures vanquished.

Notes
Turn   | Place    | Note
-------+----------+-------------------------------------------
     0 | D:1      | Zeld the Octopode Gladiator began the quest for the Orb.
     0 | D:1      | Reached XP level 1. HP: 14/14 MP: 1/1
   238 | D:1      | Reached XP level 2. HP: 19/19 MP: 2/2
   525 | D:2      | Succumbed to an adder's poison

Illustrated notes

Levels and vault maps discovered:
D:1:      dpeg_arrival_leaves_temple_mockup, layout_loops_ring,
          minmay_heptomino_h4
D:2:      layout_loops_cross, yredelemnul_altar_generic, minmay_misc_feat_room,
          minmay_tree_intersection, kennysheep_minor_cross,
          nicolae_ru_the_path_less_chosen

Action                   || total
-------------------------++-------
Melee: Quarterstaff      ||    23
       Tentacles         ||     6
       Constrict         ||     3
 Stab: Sleeping          ||     2
Armor: Skin              ||     5
Dodge: Dodged            ||    32
